AoeStats
← RR.Tecato

Arena

510033134Analyzed
3v3 RM · 2d ago on Sep 29, 2026· 55m 24s· 6 players
Game mode
Random Map
Map size
Normal (6 player)
Population
200
Speed
Normal
Resources
Standard
Victory
Conquest
Starting age
Dark Age
Ending age
Imperial Age
RankedLock teamsTeams togetherTeam positionsShared explorationLock speedFull tech treeHidden civsTurbo modeCheats
Victory
Defeat
🇺🇸 Bohemians · United States
1225
+12
🇲🇽 Persians · Mexico
1088
+18
🇬🇧 Wei · United Kingdom
1063
+19
🇲🇽 Slavs · Mexico
1222
-20
🇲🇽 Varangians · Mexico
1095
-15
🇲🇽 Saxons · Mexico
1082
-14
RR.Gohan
7:45 Loom
9:46 Feudal Age
14:57 Castle Age
21:35 Double-Bit Axe
23:28 Scale Barding Armor
23:34 Forging
27:30 Iron Casting
27:16 Chain Barding Armor
35:59 Imperial Age
34:00 Gold Mining
34:01 Stone Mining
36:14 Wheelbarrow
38:54 Conscription
37:56 Elite Jarl
42:24 Husbandry
42:38 Bloodlines
42:34 Cavalier
45:01 Light Cavalry
46:20 Plate Barding Armor
46:45 Blast Furnace
45:36 Fletching
45:46 Padded Archer Armor
45:17 Elite Skirmisher
48:27 Hussar
51:47 Bodkin Arrow
52:08 Leather Archer Armor
53:02 Ballistics
53:42 Chemistry
RR.ElekapeLkp
10:20 Feudal Age
10:59 Horse Collar
11:06 Double-Bit Axe
11:14 Gold Mining
11:14 Stone Mining
13:38 Loom
16:47 Wheelbarrow
26:19 Castle Age
24:48 Loom
32:46 Hand Cart
32:34 Heavy Plow
32:47 Bow Saw
33:17 Gold Shaft Mining
33:13 Hand Cart
38:01 Imperial Age
36:15 Squires
35:36 Pikeman
36:03 Gambesons
37:01 Forging
36:51 Scale Mail Armor
38:08 Halberdier
38:38 Arson
38:20 Shield Wall
39:48 Iron Casting
39:28 Chain Mail Armor
45:37 Elite Hearth Troop
50:16 Plate Mail Armor
53:01 Clerical Recruitment
RR.Tecato
10:25 Feudal Age
15:28 Castle Age
15:02 Double-Bit Axe
15:15 Stone Mining
15:06 Horse Collar
17:32 Loom
18:41 Fletching
26:46 Scale Barding Armor
28:18 Wheelbarrow
27:29 Town Watch
29:34 Chain Barding Armor
30:19 Forging
31:40 Iron Casting
31:39 Bow Saw
31:22 Gold Mining
31:33 Heavy Plow
32:51 Hand Cart
33:40 Husbandry
33:50 Bloodlines
36:45 Imperial Age
36:38 Light Cavalry
37:46 Conscription
37:15 Elite Boyar
39:08 Plate Barding Armor
39:38 Blast Furnace
43:39 Two-Man Saw
47:29 Hussar
51:17 Pikeman
51:58 Squires
Sir_De_Metz
10:17 Feudal Age
10:43 Double-Bit Axe
10:39 Horse Collar
16:49 Castle Age
15:35 Loom
16:26 Wheelbarrow
22:33 Hand Cart
28:11 Bow Saw
28:11 Heavy Plow
31:13 Pikeman
36:41 Imperial Age
36:27 Squires
36:14 Gambesons
36:16 Arson
36:36 Gold Mining
36:57 Scale Mail Armor
38:08 Gold Shaft Mining
38:32 Chain Mail Armor
38:28 Forging
39:23 Two-Man Saw
38:58 Crop Rotation
38:15 Town Watch
40:49 Stone Mining
41:32 Plate Mail Armor
42:28 Halberdier
45:26 Town Patrol
46:06 Iron Casting
47:01 Chemistry
46:22 Ballistics
48:35 Stone Shaft Mining
48:17 Capped Ram
50:00 Blast Furnace
50:34 Siege Ram
51:48 Scale Barding Armor
52:17 Guilds
52:35 Husbandry
52:47 Bloodlines
52:00 Light Cavalry
52:39 Cavalier
55:52 Chain Barding Armor
Lagolas
10:51 Feudal Age
14:48 Castle Age
12:50 Double-Bit Axe
13:18 Horse Collar
16:55 Bow Saw
17:22 Loom
21:32 Heavy Plow
23:24 Wheelbarrow
23:03 Stone Mining
23:05 Gold Mining
25:03 Bloodlines
24:54 Husbandry
25:06 Forging
26:13 Gold Shaft Mining
27:04 Hand Cart
26:58 Stone Mining
28:36 Scale Barding Armor
29:07 Town Watch
29:45 Chain Barding Armor
32:29 Iron Casting
37:49 Imperial Age
37:02 Town Patrol
38:28 Ballistics
38:01 Fletching
39:55 Heavy Hei Guang Cavalry
41:37 Blast Furnace
41:15 Conscription
42:44 Bodkin Arrow
43:53 Chemistry
45:35 Pikeman
46:15 Squires
46:01 Arson
46:17 Scale Mail Armor
46:19 Bracer
46:24 Murder Holes
46:23 Light Cavalry
47:07 Halberdier
51:02 Hussar
53:40 Man-at-Arms
Defender
10:09 Feudal Age
14:00 Castle Age
12:20 Horse Collar
12:56 Double-Bit Axe
17:16 Loom
18:12 Fervor
21:57 Sanctity
23:43 Fortified Wall
24:29 Redemption
27:50 Chemistry
28:59 Bow Saw
29:11 Heavy Plow
29:53 Wheelbarrow
34:35 Imperial Age
32:15 Pikeman
32:56 Squires
33:37 Hand Cart
33:50 Scale Mail Armor
34:29 Forging
34:21 Town Watch
36:50 Two-Man Saw
36:57 Siege Engineers
37:18 Conscription
37:36 Chain Mail Armor
38:26 Halberdier
39:51 Arson
41:59 Plate Mail Armor
42:04 Iron Casting
42:22 Houfnice
45:13 Wagenburg Tactics
45:37 Masonry
46:45 Blast Furnace
50:57 Architecture
50:50 Ballistics
50:25 Murder Holes
51:36 Fletching
52:17 Bodkin Arrow
53:31 Bracer
Connection lost

Rejoining the realm…

Still unreachable

The connection could not be restored.

Session expired

The server has moved on; the page needs a fresh start.